 Dungeon Crawl Stone Soup version 0.16-a0-3394-g83d1dde (webtiles) character file.

104601 yuleCrawler the Fencer (level 16, -8/133 HPs)
             Began as a Formicid Fighter on Dec 30, 2014.
             Was the Champion of Okawaru.
             Killed from afar by a ghostly deep elf annihilator (33 damage)
             ... with a bolt of lightning
             ... on level 3 of the Elven Halls.
             The game lasted 01:49:54 (29858 turns).

yuleCrawler the Fencer (Formicid Fighter)          Turns: 29858, Time: 01:49:54

Health: -8/133     AC: 32    Str: 31    XL:     16   Next: 93%
Magic:  18/18      EV:  9    Int: 11    God:    Okawaru [******]
Gold:   2371       SH: 21    Dex: 12    Spells: 0 memorised, 15 levels left

rFire  + . .     SeeInvis +     a - +2 great sword (protect)
rCold  + + .     Clarity  .     T - +8 chain mail of Purpose {rPois rC+ Int-2}
rNeg   . . .     SustAb   .     A - +0 large shield
rPois  +         Gourm    .     (helmet unavailable)
rElec  .         Spirit   .     I - +1 cloak {rPois}
rCorr  .         Warding  .     w - +0 pair of gloves
rMut   .         Stasis   +     q - +2 pair of boots {Fly}
MR     +....                    P - amulet of faith
Stlth  ..........               S - ring of ice
                                u - ring "Ilagg" {rF+ Str+3 Int+3}

@: flying, drained, somewhat resistant to hostile enchantments, extremely
unstealthy
A: permanent stasis, dig shafts and tunnels, four strong arms, antennae 3, fangs
1, hooves 2, thin skeletal structure 1, fire resistance 1, low mp 1, poison
resistance, screaming 1, strong 1
a: Dig, Shaft Self, Heroism, Renounce Religion, Stop Flying


You were on level 3 of the Elven Halls.
You worshipped Okawaru.
Okawaru was exalted by your worship.
You were not hungry.

You visited 5 branches of the dungeon, and saw 25 of its levels.
You visited the Abyss 1 time.
You also visited: Labyrinth and Ice Cave.

You collected 3447 gold pieces.
You spent 1076 gold pieces at shops.

Inventory:

Hand weapons
 a - a +2 great sword of protection (weapon)
 e - a +1 demon blade of flaming
 D - a +2 triple sword of venom
 M - a +2 war axe of distortion
Missiles
 v - 31 tomahawks
 H - 16 javelins (quivered)
Armour
 q - a +2 pair of boots of flying (worn)
 w - a +0 pair of gloves (worn)
 A - a +0 large shield (worn)
 I - a +1 cloak of poison resistance (worn)
 T - the +8 chain mail of Purpose (worn) {rPois rC+ Int-2}
   (Okawaru gifted it to you on level 6 of the Lair of Beasts)

   It affects your intelligence (-2).
   It protects you from cold.
   It protects you from poison.
Rods
 s - a +2 rod of clouds (14/14)
   (You found it in a labyrinth)
Jewellery
 b - an uncursed ring of flight
 g - an uncursed ring of positive energy
 u - the ring "Ilagg" (left hand) {rF+ Str+3 Int+3}
   (You acquired it on level 3 of the Orcish Mines)

   [ring of protection from fire]

   It affects your strength (+3).
   It affects your intelligence (+3).
   It protects you from fire.
 y - an uncursed amulet of regeneration
 L - an uncursed amulet of warding
 P - an amulet of faith (around neck)
 S - a ring of ice (right hand)
Magical devices
 c - a wand of cold (5)
 C - a wand of invisibility (6)
 E - a wand of fire (2)
 F - a wand of heal wounds (1)
 G - a wand of draining (8)
 J - a wand of draining (0)
 R - a wand of disintegration (17)
 Y - a wand of random effects (14)
Scrolls
 h - 4 scrolls of fog
 i - 5 scrolls of amnesia
 k - 6 scrolls of remove curse
 p - 22 scrolls of identify
 t - 2 scrolls of recharging
 B - a scroll of fear
 O - 2 scrolls of enchant weapon
 U - a scroll of vulnerability
 W - a scroll of silence
 X - a scroll of magic mapping
Potions
 f - 8 potions of curing
 l - 3 potions of cancellation
 m - a potion of lignification
 n - a potion of invisibility
 K - a potion of restore abilities
 Q - 3 potions of brilliance
 V - 2 potions of might
Comestibles
 d - 16 bread rations
 j - 28 fruits
 r - 9 beef jerkies
 x - 17 royal jellies
 N - 7 meat rations


   Skills:
 - Level 14.2(13.7) Fighting
 * Level 18.7(18.1) Long Blades
 - Level 12.0(11.5) Armour
 - Level 15.2(14.7) Shields


You had 15 spell levels left.
You didn't know any spells.

Dungeon Overview and Level Annotations

Branches:
Dungeon (9/15)             Temple (1/1) D:4            Lair (8/8) D:8
  Swamp (0/5) Lair:5       Spider (0/5) Lair:6        Slime (0/6) Lair:8
    Orc (4/4) D:9             Elf (3/3) Orc:4

Altars:
Ashenzari
Cheibriados
Dithmenos
Elyvilon
Fedhas
Gozag
Kikubaaqudgha
Nemelex Xobeh
Okawaru
Qazlal
Ru
Sif Muna
Trog
Vehumet
Yredelemnul
Zin
The Shining One
Beogh
Jiyva

Shops:
D:5 :   D:8 [   Orc:1 =**(   Orc:3 *   Orc:4 ([?[[   Elf:2 [

Portals:
Bazaar: Elf:1

Annotations:
D:8 exclusion: 4 oklob plants
Elf:2 runed door


Innate Abilities, Weirdness & Mutations

You are under a permanent stasis effect.
You can dig through walls and to a lower floor.
Your four strong arms can wield two-handed weapons with a shield.
You have a pair of large antennae on your head (SInv).
You have very sharp teeth.
You have hoof-like feet.
You have a somewhat thin skeletal structure (Dex +2, Stealth).
Your flesh is heat resistant.
Your magical capacity is low (-10% MP).
Your system is resistant to poisons.
You occasionally shout uncontrollably at your foes.
Your muscles are strong. (Str +2)


Message History

The deep elf annihilator gestures wildly while chanting.
The deep elf annihilator blinks!
The hellwing gestures at you. You resist with almost no effort.
The deep elf sorcerer is no longer moving quickly.
The deep elf sorcerer gestures wildly while chanting.
The deep elf sorcerer seems to speed up.
The deep elf annihilator gestures wildly while chanting.
The deep elf annihilator blinks!
The deep elf annihilator casts a spell.
The deep elf annihilator blinks!
The hellwing disappears in a puff of smoke!
The ghostly deep elf annihilator gestures at you while chanting.
The bolt of lightning hits you!
* * * LOW HITPOINT WARNING * * *
Drink which item? (? for menu, Esc to quit)
You feel better.
The ghostly deep elf annihilator gestures at you while chanting.
The bolt of lightning hits you!
You die...

#......# #....#
#######.##.### #....#
##.......##.# #....#
##.....#####.# #.####
#.......####.# #.#
##....{.......######.######
#..ee....####......#....<..
#.#.{..{##.e.........######
#.##..{###@##.####.........
#.####{###.##.# ###.######
#e# #.....##.. ...#.# ###.#
#.....##.####.#.#
#...####.....##.(.##.#.#
#.####..........#.##.#.#
#e# #............. #.# #.#
#............# #e#
####....##...###


You could see a ghostly deep elf annihilator.

Vanquished Creatures
  2 deep elf sorcerers
  A deep elf annihilator (Elf:3)
  2 deep elf death magi (Elf:3)
  A minotaur (Lab)
  Fannar (Lair:5)
  4 ogre magi (Orc:4)
  5 hydras
  Erica (Lair:5)
  11 dancing weapons (Elf:2)
  8 death yaks
  Urug (Orc:3)
  A fire crab (Lair:7)
  An orc high priest (Elf:2)
  10 deep elf knights
  2 ice devils (IceCv)
  5 deep elf summoners
  2 ice statues (IceCv)
  Pikel (D:6)
  7 deep elf conjurers
  A lindwurm (Lair:8)
  2 griffons (Lair:6)
  A necromancer (IceCv)
  An orc knight (Orc:3)
  11 elephants
  A manticore (Lair:6)
  2 orc sorcerers
  2 oklob plants
  Joseph (D:9)
  3 torpor snails
  8 black mambas
  9 spiny frogs
  Psyche (Orc:2)
  6 fire drakes
  7 komodo dragons
  4 trolls
  2 minotaur zombies (Lab)
  7 deep elf priests
  2 spriggan druids (Lair:8)
  A queen bee (Lair:1)
  Sonja (Orc:3)
  3 blue devils (IceCv)
  Grinder (D:4)
  8 polar bears
  13 two-headed ogres (Orc:4)
  12 blink frogs
  2 trapdoor spiders (Lair:6)
  A yak (shapeshifter) (Elf:1)
  5 basilisks
  9 spriggans (Lair:8)
  The ghost of asdu the Basher, an average OgBe of Trog (D:4)
  A tarantella (Elf:2)
  9 wyverns
  7 redbacks (Lair:8)
  21 deep elf magi
  37 yaks
  Grum (D:9)
  13 hippogriffs
  17 deep elf fighters
  2 hungry ghosts (D:8)
  5 wargs
  Edmund (D:6)
  Menkaure (D:6)
  33 wolves
  3 hell hounds (Lair:6)
  4 porcupines
  10 water moccasins
  5 ice beasts
  34 ogres
  11 orc warriors
  A sky beast (D:6)
  4 black bears
  4 slaves (D:6)
  2 yellow wasps (Lair:8)
  A centaur (D:8)
  18 crocodiles
  13 giant frogs
  34 killer bees
  2 scorpions
  A draconian simulacrum (IceCv)
  5 crimson imps
  3 goliath beetles
  2 electric eels
  11 hounds
  A centaur skeleton (D:6)
  2 centaur zombies
  20 orc priests
  Crazy Yiuf (D:2)
  A jelly (D:5)
  27 orc wizards
  6 iguanas
  A troll simulacrum (IceCv)
  9 sheep
  6 worker ants
  A hell rat (Elf:1)
  A centaur simulacrum (IceCv)
  A hound zombie (D:5)
  A hound skeleton (D:8)
  A worker ant zombie (D:8)
  8 gnolls
  5 naga simulacra (IceCv)
  2 ogre simulacra (IceCv)
  59 river rats
  20 adders
  2 worms
  An ufetubus (Elf:2)
  3 adder skeletons
  An adder zombie (D:6)
  2 giant geckos
  An ooze (D:2)
  149 orcs
  A ball python (D:3)
  20 bats
  A bat skeleton (D:7)
  A bat zombie (D:7)
  7 giant cockroaches
  14 goblins
  18 hobgoblins
  8 quokkas
  5 giant newts
  10 jackals
  12 kobolds
  4 orc zombies (Orc:4)
  12 rats
  3 ballistomycetes (D:9)
  4 fungi
  2 plants
964 creatures vanquished.

Vanquished Creatures (others)
  Eustachio (D:9)
  A lost soul (Elf:3)
  A killer bee (Lair:1)
  A hell rat (Elf:1)
  A white imp (D:9)
  A bat (D:3)
  A giant spore (D:9)
  5 fungi
  2 plants
14 creatures vanquished.

Grand Total: 978 creatures vanquished

Notes
Turn   | Place    | Note
--------------------------------------------------------------
     0 | D:1      | yuleCrawler, the Formicid Fighter, began the quest for the Orb.
     0 | D:1      | Reached XP level 1. HP: 18/18 MP: 1/1
   115 | D:1      | Reached XP level 2. HP: 6/24 MP: 3/3
   370 | D:1      | Reached XP level 3. HP: 27/29 MP: 4/4
   819 | D:2      | Found an opulent altar of Gozag.
   989 | D:2      | Reached skill level 4 in Long Blades
   989 | D:2      | Reached XP level 4. HP: 30/35 MP: 5/5
  1274 | D:2      | Noticed Crazy Yiuf
  1282 | D:2      | Killed Crazy Yiuf
  1282 | D:2      | Reached XP level 5. HP: 22/41 MP: 7/7
  1546 | D:3      | Reached skill level 5 in Long Blades
  2593 | D:4      | Noticed asdu's ghost (average OgBe)
  2643 | D:4      | Killed asdu's ghost
  2643 | D:4      | Reached skill level 6 in Long Blades
  2643 | D:4      | Reached XP level 6. HP: 8/47 MP: 8/8
  2985 | D:4      | Found a staircase to the Ecumenical Temple.
  2994 | Temple   | Entered the Ecumenical Temple
  3023 | Temple   | Became a worshipper of Warmaster Okawaru
  3245 | D:4      | Reached XP level 7. HP: 36/52 MP: 9/9
  3260 | D:4      | Reached skill level 7 in Long Blades
  3304 | D:4      | Noticed Grinder
  3313 | D:4      | Gained mutation: Your magical capacity is low (-10% MP). [potion of mutation]
  3313 | D:4      | Gained mutation: Your system is resistant to poisons. [potion of mutation]
  3313 | D:4      | Gained mutation: You evolve. [potion of mutation]
  3335 | D:4      | Killed Grinder
  3456 | D:4      | Noticed an ogre
  3468 | D:4      | Killed an ogre
  3468 | D:4      | Reached skill level 8 in Long Blades
  3559 | D:4      | Reached XP level 8. HP: 29/58 MP: 9/9
  3587 | D:4      | Gained mutation: Your mind is acute. (Int +2) [evolution]
  4261 | D:5      | Entered Level 5 of the Dungeon
  4590 | D:5      | Reached skill level 9 in Long Blades
  4622 | D:5      | Found Ucitaism's Book Emporium.
  4747 | D:5      | Acquired Okawaru's first power
  5225 | D:5      | Gained mutation: You have large cloven feet. [evolution]
  5831 | D:5      | Reached skill level 10 in Long Blades
  5952 | D:5      | Reached skill level 5 in Shields
  6012 | D:5      | Reached XP level 9. HP: 28/64 MP: 10/10
  6440 | D:6      | Noticed Pikel
  6480 | D:6      | Killed Pikel
  7054 | D:6      | Noticed Menkaure
  7067 | D:6      | Killed Menkaure
  7091 | D:6      | Noticed Edmund
  7133 | D:6      | Killed Edmund
  7504 | D:6      | Gained mutation: Your flesh is heat resistant. [mutagenic meat]
  7505 | D:6      | Gained mutation: You occasionally shout uncontrollably at your foes. [mutagenic meat]
  7551 | D:6      | Found a shadowy altar of Dithmenos.
  7674 | D:7      | Reached skill level 10 in Shields
  8008 | D:7      | Reached XP level 10. HP: 65/70 MP: 11/11
  8301 | D:7      | Reached skill level 11 in Shields
  8454 | D:8      | Noticed an oklob plant
  8509 | D:8      | Found a staircase to the Lair.
  8750 | D:8      | Noticed an oklob plant
  8786 | D:8      | Reached skill level 12 in Shields
  8814 | D:8      | Found Kloutorr's Armour Emporium.
  8929 | D:8      | Noticed an oklob plant
  8929 | D:8      | Noticed an oklob plant
  9424 | Lair:1   | Entered Level 1 of the Lair of Beasts
  9424 | Lair:1   | Noticed a spiny frog
  9451 | D:8      | Killed a spiny frog
  9451 | D:8      | Reached skill level 13 in Shields
  9586 | Lair:1   | Found a labyrinth entrance.
  9586 | Lair:1   | Noticed a spiny frog
  9601 | Lair:1   | Killed a spiny frog
  9610 | Lab      | Entered a labyrinth
 10020 | Lab      | Gained mutation: You possess an exceptional clarity of mind. [evolution]
 10050 | Lab      | Noticed a minotaur
 10065 | Lab      | Killed a minotaur
 10065 | Lab      | Reached skill level 14 in Shields
 10065 | Lab      | Reached XP level 11. HP: 61/75 MP: 11/13
 10109 | Lab      | Got a fine robe
 10214 | Lair:1   | Identified the +2 robe of Ladders and Snakes {rC+ Dex+2} (You found it in a labyrinth)
 10217 | Lair:1   | Identified a +2 rod of clouds (14/14) (You found it in a labyrinth)
 10432 | Lair:1   | Reached skill level 15 in Shields
 10434 | Lair:1   | Acquired Okawaru's second power
 10499 | Lair:1   | Noticed a black mamba
 10513 | Lair:1   | Killed a black mamba
 11654 | Lair:2   | Noticed an eight-headed hydra
 11663 | Lair:2   | Killed a three-headed hydra
 12144 | Lair:2   | Received a gift from Okawaru
 12387 | Lair:2   | HP: 1/75 [blink frog (7)]
 12421 | Lair:2   | Reached XP level 12. HP: 18/81 MP: 14/14
 14285 | Lair:4   | Noticed a death yak
 14323 | Lair:3   | Killed a death yak
 14597 | Lair:3   | Received a gift from Okawaru
 15003 | Lair:4   | Gained mutation: You have hoof-like feet. [potion of beneficial mutation]
 15071 | Lair:4   | Reached skill level 5 in Fighting
 15283 | Lair:4   | Gained mutation: You have a somewhat thin skeletal structure (Dex +2, Stealth). [evolution]
 15592 | Lair:5   | Noticed Erica
 15603 | Lair:5   | Killed Erica
 15809 | Lair:5   | Found a staircase to the Swamp.
 16415 | Lair:6   | Noticed an eight-headed hydra
 16422 | Lair:6   | Reached XP level 13. HP: 88/98 MP: 15/15
 16444 | Lair:6   | Received a gift from Okawaru
 16445 | Lair:6   | Got a transparent chain mail {god gift}
 16752 | Lair:5   | Identified the +8 chain mail of Purpose {rPois rC+ Int-2} (Okawaru gifted it to you on level 6 of the Lair of Beasts)
 16871 | Lair:5   | Reached skill level 10 in Fighting
 16901 | Lair:6   | Noticed Fannar
 16933 | Lair:5   | Killed Fannar
 17179 | Lair:6   | Found a hole to the Spider Nest.
 17199 | Lair:6   | Lost mutation: You possess an exceptional clarity of mind. [evolution]
 17838 | Lair:6   | Killed a three-headed hydra
 18191 | Lair:7   | Reached XP level 14. HP: 118/118 MP: 16/16
 18270 | Lair:7   | Received a gift from Okawaru
 18376 | Lair:7   | Gained mutation: Your muscles are strong. (Str +2) [evolution]
 18932 | Lair:7   | Reached skill level 5 in Armour
 19425 | Lair:8   | Entered Level 8 of the Lair of Beasts
 20614 | Lair:8   | Found a blossoming altar of Fedhas.
 20668 | Lair:8   | Found a staircase to the Slime Pits.
 20732 | Lair:8   | Reached skill level 10 in Armour
 20837 | Lair:8   | Received a gift from Okawaru
 21020 | Lair:8   | Received a gift from Okawaru
 21162 | Lair:8   | Reached XP level 15. HP: 102/126 MP: 17/17
 22032 | Lair:8   | Found a viscous altar of Jiyva.
 22511 | D:9      | Gained mutation: You have very sharp teeth. [evolution]
 22616 | D:9      | Noticed Joseph
 22631 | D:9      | Killed Joseph
 22718 | D:9      | Noticed Eustachio
 22766 | D:9      | Killed Eustachio
 22812 | D:9      | Noticed Grum
 22830 | D:9      | Killed Grum
 23437 | D:9      | Found a staircase to the Orcish Mines.
 23450 | Orc:1    | Entered Level 1 of the Orcish Mines
 23450 | Orc:1    | Found Nierrus' Assorted Antiques.
 23459 | Orc:1    | Bought a pair of embroidered boots for 103 gold pieces
 23537 | Orc:1    | Found Porreelyri's Assorted Antiques.
 23547 | Orc:1    | Bought a scroll labeled WONAHU FROSIN for 29 gold pieces
 23547 | Orc:1    | Bought a scroll of fear for 101 gold pieces
 23547 | Orc:1    | Bought a potion of curing for 87 gold pieces
 23547 | Orc:1    | Bought a dented beryl amulet for 145 gold pieces
 23636 | Orc:1    | Found Nogex's Antique Weapon Shoppe.
 23772 | Orc:1    | Found Maif's Jewellery Boutique.
 23808 | Orc:1    | Bought a +1 ring of strength for 22 gold pieces
 23808 | Orc:1    | Bought a +1 ring of evasion for 30 gold pieces
 24287 | Orc:2    | Noticed Psyche
 24298 | Orc:2    | Killed Psyche
 24411 | Orc:2    | Found a roughly hewn altar of Beogh.
 24554 | Orc:2    | Found a roughly hewn altar of Beogh.
 24723 | Orc:3    | Found Ytunajau's Assorted Antiques.
 24723 | Orc:3    | Noticed Urug
 24737 | Orc:3    | Killed Urug
 24871 | Orc:3    | Found a radiant altar of Vehumet.
 24993 | Orc:3    | Reached skill level 15 in Long Blades
 25072 | Orc:3    | Noticed Sonja
 25143 | Orc:3    | Got a shimmering pewter ring
 25158 | Orc:3    | Killed Sonja
 25163 | Orc:3    | Identified the ring "Ilagg" {rF+ Str+3 Int+3} (You acquired it on level 3 of the Orcish Mines)
 25488 | Orc:4    | Entered Level 4 of the Orcish Mines
 25555 | Orc:4    | Found a frozen archway.
 25568 | IceCv    | Entered an ice cave
 25785 | IceCv    | Received a gift from Okawaru
 25949 | Orc:4    | Found a staircase to the Elven Halls.
 26019 | Orc:4    | Found Depuepo's Magic Scroll Shoppe.
 26196 | Orc:4    | Reached skill level 16 in Long Blades
 26312 | Orc:4    | Found Chiax's Armour Shoppe.
 26312 | Orc:4    | Found Odaviw's Antique Weapon Shop.
 26312 | Orc:4    | Found Klet Qesh's Antique Armour Boutique.
 26312 | Orc:4    | Found Iclaehud's Antique Armour Shoppe.
 26347 | Orc:4    | Bought a scroll of identify for 28 gold pieces
 26347 | Orc:4    | Bought a scroll of identify for 28 gold pieces
 26347 | Orc:4    | Bought a scroll of vulnerability for 105 gold pieces
 26347 | Orc:4    | Bought a scroll of fog for 28 gold pieces
 26347 | Orc:4    | Bought a scroll of silence for 105 gold pieces
 26347 | Orc:4    | Bought a scroll of fog for 28 gold pieces
 26614 | Elf:1    | Entered Level 1 of the Elven Halls
 26893 | Elf:1    | Reached XP level 16. HP: 131/133 MP: 18/18
 27101 | Elf:1    | Found a gateway to a bazaar.
 27259 | Elf:1    | Noticed a deep elf sorcerer
 27271 | Elf:1    | Killed a deep elf sorcerer
 27273 | Elf:1    | Received a gift from Okawaru
 27281 | Elf:1    | Reached skill level 17 in Long Blades
 27494 | Elf:2    | Found Pahoash's Antique Armour Emporium.
 27506 | Elf:2    | Bought a pair of translucent gloves for 237 gold pieces
 27516 | Elf:2    | Identified the cursed -3 pair of gloves of the Realms {Stlth--} (You bought it in a shop on level 2 of the Elven Halls)
 27570 | Elf:2    | Found a huge runed gate.
 27570 | Elf:2    | Found a huge runed gate.
 27570 | Elf:2    | Found a huge runed gate.
 27571 | Elf:2    | Found a huge runed gate.
 27572 | Elf:2    | Found a huge runed gate.
 28560 | Elf:2    | Found a runed door.
 28639 | Elf:2    | Lost mutation: Your mind is acute. (Int +2) [evolution]
 28639 | Elf:2    | Lost mutation: You evolve. [end of evolution]
 28748 | Elf:2    | Reached skill level 18 in Long Blades
 29092 | Elf:2    | Received a gift from Okawaru
 29377 | Elf:3    | Entered Level 3 of the Elven Halls
 29757 | Elf:3    | Cast into the Abyss (a deep elf sorcerer)
 29806 | Elf:3    | Escaped the Abyss
 29858 | Elf:3    | Killed from afar by a ghostly deep elf annihilator

Action                   |  1- 3 |  4- 6 |  7- 9 | 10-12 | 13-15 | 16-18 || total
-------------------------+-------+-------+-------+-------+-------+-------++-------
Melee: Long sword        |    89 |   194 |   558 |   321 |       |       ||  1162
       Demon blade       |       |       |       |   720 |   150 |       ||   870
       Great sword       |       |       |       |   178 |  1662 |   177 ||  2017
       Triple sword      |       |       |       |       |       |   202 ||   202
       Double sword      |       |       |       |       |       |     5 ||     5
Throw: Tomahawk          |       |       |     3 |    10 |     5 |       ||    18
       Javelin           |       |       |       |    15 |    10 |       ||    25
Invok: Heroism           |       |       |       |     3 |     1 |       ||     4
 Abil: Dig               |       |       |       |    20 |    17 |       ||    37
       Evoke Flight      |       |       |       |       |     1 |       ||     1
       Shaft Self        |       |       |       |       |       |     1 ||     1
Evoke: Wand              |       |       |       |     6 |     1 |       ||     7
  Use: Potion            |       |     2 |     8 |     6 |     3 |     7 ||    26
       Scroll            |       |     1 |     1 |    18 |     2 |     3 ||    25
 Stab: Sleeping          |       |       |       |     1 |       |       ||     1
       Invisible         |       |       |       |       |     2 |       ||     2
  Eat: Chunk             |       |     7 |    20 |    34 |    40 |    11 ||   112
       Beef jerky        |       |       |       |     1 |     2 |       ||     3
